 Dungeon Crawl Stone Soup version 0.28.0-53-g5a82cb258f (webtiles) character file.

Game seed: 15293912156755998244

17 funkygono the Skirmisher (level 2, -1/27 HPs)
             Began as a Minotaur Fighter on July 7, 2022.
             Succumbed to a kobold's poison
             ... on level 1 of the Dungeon.
             The game lasted 00:00:39 (1069 turns).

funkygono the Skirmisher (Minotaur Fighter)         Turns: 1069, Time: 00:00:39

Health: -1/27      AC:  7    Str: 20    XL:     2   Next: 44%
Magic:  1/1        EV:  9    Int:  5    God:
Gold:   31         SH:  4    Dex:  9    Spells: 1/1 levels left

rFire   . . .      SeeInvis .   a - +0 long sword
rCold   . . .      Faith    .   c - +0 buckler
rNeg    . . .      Spirit   .   b - +0 scale mail
rPois   .          Reflect  .   (helmet restricted)
rElec   .          Harm     .   (no cloak)
rCorr   .          Rampage  .   (no gloves)
Will    .....                   (no boots)
Stlth   ..........              (no amulet)
HPRegen 0.09/turn               (no ring)
MPRegen 0.07/turn               (no ring)

@: lethally poisoned (-1 -> -10)
A: horns 2, retaliatory headbutt
a: no special abilities


You were on level 1 of the Dungeon.
You visited 1 branch of the dungeon, and saw 1 of its levels.

You collected 31 gold pieces.

Inventory:

Hand Weapons
 a - a +0 long sword (weapon)
Missiles
 g - 38 bolts
 h - a poisoned dart (quivered)
Armour
 b - a +0 scale mail (worn)
 c - a +0 buckler (worn)
Potions
 d - a potion of might
 e - a potion of degeneration {unknown}
 f - 3 potions of curing {unknown}


   Skills:
 + Level 4.0 Fighting
 + Level 2.6 Long Blades
 + Level 4.0 Armour
 + Level 3.8 Shields


You had one spell level left.
You didn't know any spells.
Your spell library was empty.

Dungeon Overview and Level Annotations

Branches:
Dungeon (1/15)

Altars:


Innate Abilities, Weirdness & Mutations

You have a pair of horns on your head.
You reflexively headbutt those who attack you in melee.


Message History

The kobold is wielding a +2 short sword of venom.
Found a robe, a scroll labelled HOSTRE TIUDOCAC and 27 bolts.
The kobold shouts!
The dart slug completely misses you.
You slash the dart slug! You headbutt the dart slug.
You kill the dart slug!
The rat barely misses you. You block the ball python's attack.
The ball python grabs you. The ball python constricts you. The rat bites you.
You escape the ball python's grasp.
You closely miss the rat. The rat barely misses you. You furiously retaliate!
You headbutt the rat.
You kill the rat!
Your Armour skill increases to level 4!
The kobold hits you but does no damage.
You are poisoned.
You hit the kobold but do no damage.
You feel very sick.
The kobold hits you with a +2 short sword of venom.
You hit the kobold. Your headbutt misses the kobold.
The kobold is moderately wounded.
You feel sick. The kobold hits you but does no damage.
You are lethally poisoned!
The kobold closely misses you.
You barely miss the kobold. Your headbutt misses the kobold.
The kobold is moderately wounded.
You feel very sick. The kobold hits you but does no damage.
You are more poisoned.
You completely miss the kobold.
The kobold is moderately wounded.
* * * LOW HITPOINT WARNING * * *
You feel very sick. The kobold closely misses you.
The kobold barely misses you.
You closely miss the kobold. You headbutt the kobold.
You kill the kobold!
* * * LOW HITPOINT WARNING * * *
You feel very sick. The rat bites you but does no damage.
You barely miss the rat.
You die...

#.# #.# #.#
#.#####
#.....#
#####.# ...#
#.# ... #.#
... #@# ..
####r##.#####
#...Sr#......
#..###...# #.
##.## #
#?....†..[#
##.......##
#.......#
...........


You could see a ball python and 2 rats.

Vanquished Creatures
  A dart slug (D:1)
  3 endoplasms (D:1)
  2 goblins (D:1)
  A quokka (D:1)
  A ball python (D:1)
  2 bats (D:1)
  2 kobolds (D:1)
  2 rats (D:1)
14 creatures vanquished.

Notes
Turn   | Place    | Note
-------+----------+-------------------------------------------
     0 | D:1      | funkygono the Minotaur Fighter began the quest for the Orb.
     0 | D:1      | Reached XP level 1. HP: 19/19 MP: 0/0
   247 | D:1      | Found a faded altar of an unknown god.
   529 | D:1      | Reached XP level 2. HP: 27/27 MP: 1/1
  1069 | D:1      | Succumbed to a kobold's poison

Illustrated notes

Levels and vault maps discovered:
D:1:      lemuel_arrival_muddy, layout_basic,
          hellmonk_ecumenical_altar_prayer_group, serial_bayou_lagoon_a,
          minmay_three_crescents

Skill      XL: |  1  2 |
---------------+-------+-----
Fighting       | 4 |  4.0
Armour         | 4 |  4.0
Long Blades    | |  2.6
Shields        | |  3.8

Action                   || total
-------------------------++-------
Melee: Long sword        ||    31
       Headbutt          ||     3
Throw: Dart              ||     1
Armor: Scale mail        ||    11
Dodge: Dodged            ||    13
Block: Buckler           ||     3
